 Dungeon Crawl Stone Soup version 0.21.1-1-g345015f (webtiles) character file.

2302 Dharzhak the Geomancer (level 9, 0/45 HPs)
             Began as a Gargoyle Earth Elementalist on Apr 7, 2018.
             Was an Initiate of Vehumet.
             Slain by a two-headed ogre
             ... wielding a +0 giant club
              (13 damage)
             ... on level 8 of the Dungeon.
             The game lasted 00:42:21 (6192 turns).

Dharzhak the Geomancer (GrEE)                       Turns: 6192, Time: 00:42:21

Health: 0/45       AC: 17    Str: 12    XL:     9   Next: 40%
Magic:  9/19       EV: 12    Int: 19    God:    Vehumet [......]
Gold:   59         SH:  4    Dex: 10    Spells: 5/22 levels left

rFire    . . .     SeeInvis .   L - +9 rapier of Anguish {pierce, rPois}
rCold    + . .     Gourm    .   (no shield)
rNeg     + . .     Faith    .   G - +2 leather armour {rC+}
rPois    ∞         Spirit   .   x - +1 helmet
rElec    +         Reflect  +   a - +2 cloak {rPois}
rCorr    .         Harm     .   m - +0 pair of gloves
MR       .....                  (no boots)
Stlth    ++........             n - +4 amulet of reflection
HPRegen  0.15/turn              g - ring of wizardry
MPRegen  0.16/turn              (no ring)

@: hasted, very quick
A: mutation resistance 1, negative energy resistance 1, electricity resistance,
wild magic 1, unbreathing, petrification resistance, rot immunity, AC +6
a: Renounce Religion


You were on level 8 of the Dungeon.
You worshipped Vehumet.
Vehumet was noncommittal.
You were not hungry.

You visited 2 branches of the dungeon, and saw 9 of its levels.

You collected 441 gold pieces.
You spent 382 gold pieces at shops.

Inventory:

Hand Weapons
 l - a +1 whip of venom
 J - a +1 trident of distortion
 L - the +9 rapier of Anguish (weapon) {pierce, rPois}
   (You bought it in a shop on level 7 of the Dungeon)

   It inflicts extra damage upon your enemies.
   It protects you from poison.
Missiles
 b - 112 stones
 y - 5 javelins (quivered)
 F - 2 tomahawks
Armour
 a - a +2 cloak of poison resistance (worn)
 m - a +0 pair of gloves (worn)
 x - a +1 helmet (worn)
 G - a +2 leather armour of cold resistance (worn)
Magical Staves
 A - an uncursed staff of air
Jewellery
 g - a ring of wizardry (left hand)
 n - a +4 amulet of reflection (around neck)
 I - an uncursed ring of ice
Wands
 h - a wand of iceblast (14)
 i - a wand of acid (1)
 q - a wand of flame (12)
 r - a wand of digging (38)
 M - a wand of paralysis (12)
Scrolls
 j - 2 scrolls of fog {unknown}
 p - a scroll of enchant armour {unknown}
 s - 4 scrolls of teleportation
 t - 3 scrolls of amnesia
 u - a scroll of enchant weapon {unknown}
 w - 2 scrolls of blinking {unknown}
 z - 4 scrolls of remove curse
 D - 2 scrolls of magic mapping {unknown}
 K - a scroll of fear {unknown}
Potions
 c - 3 potions of magic
 f - 2 potions of curing
 v - a potion of might
 B - 4 potions of heal wounds
 C - a potion of brilliance
 E - 2 potions of flight
 H - 3 potions of ambrosia
Books
 e - a book of Geomancy

   Spells                             Type                      Level
   a - Sandblast                      Earth                        1
   b - Passwall                       Transmutation/Earth          2
   c - Stone Arrow                    Conjuration/Earth            3
   d - Petrify                        Transmutation/Earth          4
   e - Lee's Rapid Deconstruction     Earth                        5
 k - a book of Cantrips

   Spells                             Type                      Level
   a - Confusing Touch                Hexes                        1
   b - Animate Skeleton               Necromancy                   1
   c - Summon Small Mammal            Summoning                    1
   d - Apportation                    Translocation                1
Comestibles
 d - 9 rations


   Skills:
 + Level 1.5 Maces & Flails
 * Level 1.3 Armour
 * Level 3.8 Dodging
 + Level 3.3 Stealth
 * Level 7.0 Spellcasting
 * Level 3.1 Conjurations
 + Level 0.2 Summonings
 + Level 0.7 Transmutations
 * Level 9.4 Earth Magic
 + Level 1.2 Evocations


You had 5 spell levels left.
You knew the following spells:

 Your Spells              Type           Power        Failure   Level  Hunger
a - Sandblast             Erth           ######       1%          1    None
b - Passwall              Tmut/Erth      ####......   1%          2    None
c - Stone Arrow           Conj/Erth      #####.       2%          3    #......
d - Petrify               Tmut/Erth      ####....     9%          4    ###....
e - Lee's Rapid Deconstr  Erth           ######....   4%          5    #####..
f - Summon Small Mammal   Summ           #...         7%          1    None
g - Apportation           Tloc           #.....       8%          1    None


Dungeon Overview and Level Annotations

Branches:
Dungeon (8/15)             Temple (1/1) D:5
   Lair: D:8-11

Altars:
Ashenzari
Cheibriados
Dithmenos
Elyvilon
Fedhas
Gozag
Hepliaklqana
Kikubaaqudgha
Nemelex Xobeh
Okawaru
Qazlal
Ru
Sif Muna
Trog
Uskayaw
Vehumet
Wu Jian
Xom
Yredelemnul

Shops:
D:4 !   D:7 (


Innate Abilities, Weirdness & Mutations

You are resistant to torment.
Your stone body is resilient. (AC +6)
You are immune to poison.
You resist negative energy. (rN+)
You are resistant to electric shocks. (rElec)
You can survive without breathing.
You are immune to petrification.
You are immune to rotting.
You are somewhat resistant to further mutation.
Your spells are a little harder to cast, but a little more powerful.


Message History

Aim: a two-headed ogre, wielding a giant club and a giant spiked club (severely wounded)
The stone arrow hits the two-headed ogre.
The two-headed ogre is severely wounded.
The two-headed ogre hits you with a giant club.
The two-headed ogre barely misses you.
Evoke which item? (* to show all) (? for menu, Esc to quit)
Aiming: Paralyse
Press: ? - help, Shift-Dir - straight line, f/p - two-headed ogre
Aim: a two-headed ogre, wielding a giant club and a giant spiked club (severely wounded, chance to defeat MR: 32%)
The two-headed ogre easily resists.
The two-headed ogre hits you with a giant club!!
The two-headed ogre hits you with a giant spiked club!
Casting: Stone Arrow
Confirm with . or Enter, or press ? or * to list all spells.
Okay, then.
You feel yourself speed up.
The two-headed ogre hits you with a giant club.
* * * LOW HITPOINT WARNING * * *
The two-headed ogre hits you with a giant spiked club!
You die...

....... .......
## ...).....# .
...!... .## .
....... ..# .##.
.......#..##....
......O.#.....#
.......@...#
....##....## .
##...# ##.##
####.# #....##
#.....###
#..<....#
#........#


You could see a two-headed ogre.

Vanquished Creatures
  Pikel (D:4)
  A hippogriff (D:7)
  The ghost of atlas1 the Digger, an amateur GrEE (D:3)
  Sigmund (D:2)
  Eustachio (D:5)
  An orc warrior (D:6)
  A sky beast (D:6)
  A phantom (D:4)
  An ogre (D:6)
  2 bullfrogs
  2 howler monkeys
  2 crimson imps
  3 hounds (D:5)
  2 centaur skeletons (D:4)
  2 orc priests
  Crazy Yiuf (D:2)
  An iguana (D:5)
  2 orc wizards
  5 worker ants
  3 adders
  2 shadow imps
  A worm (D:3)
  2 dart slugs
  3 leopard geckos
  14 orcs
  2 ball pythons
  8 bats
  5 giant cockroaches
  3 goblins
  6 hobgoblins
  13 jackals
  A quokka (D:5)
  5 frilled lizards
  A jackal zombie (D:5)
  3 kobolds
  6 rats
109 creatures vanquished.

Vanquished Creatures (others)
  A slave (D:5)
  A bullfrog zombie (D:5)
  Ijyb (D:5)
  A worm (D:4)
  4 orcs (D:5)
  A ball python zombie (D:5)
9 creatures vanquished.

Grand Total: 118 creatures vanquished

Notes
Turn   | Place    | Note
-------+----------+-------------------------------------------
     0 | D:1      | Dharzhak the Gargoyle Earth Elementalist began the quest for the Orb.
     0 | D:1      | Reached XP level 1. HP: 10/10 MP: 3/3
   118 | D:1      | Reached skill level 4 in Earth Magic
   173 | D:1      | Reached XP level 2. HP: 12/15 MP: 3/5
   407 | D:1      | Learned a level 2 spell: Passwall
   452 | D:1      | Reached XP level 3. HP: 13/19 MP: 3/6
   833 | D:1      | Learned a level 3 spell: Stone Arrow
  1191 | D:2      | Found a runed door.
  1442 | D:2      | Noticed Sigmund
  1454 | D:2      | Gained mutation: You passively map a small area around you. [potion of mutation]
  1454 | D:2      | Gained mutation: You are agile. (Dex +2) [potion of mutation]
  1454 | D:2      | Gained mutation: You are dopey. (Int -2) [potion of mutation]
  1454 | D:2      | Gained mutation: You are somewhat resistant to further mutation. [potion of mutation]
  1455 | D:2      | Lost mutation: You are dopey. (Int -2) [potion of mutation]
  1455 | D:2      | Lost mutation: You are agile. (Dex +2) [potion of mutation]
  1455 | D:2      | Lost mutation: You passively map a small area around you. [potion of mutation]
  1455 | D:2      | Gained mutation: Your spells are a little harder to cast, but a little more powerful. [potion of mutation]
  1490 | D:2      | Killed Sigmund
  1490 | D:2      | Reached skill level 5 in Earth Magic
  1490 | D:2      | Reached XP level 4. HP: 24/24 MP: 7/9
  1490 | D:2      | Reached XP level 5. HP: 28/28 MP: 7/10
  1823 | D:2      | Learned a level 4 spell: Petrify
  1823 | D:2      | Noticed Crazy Yiuf
  1827 | D:2      | Killed Crazy Yiuf
  1827 | D:2      | Reached XP level 6. HP: 32/32 MP: 4/11
  2164 | D:3      | Noticed atlas1's ghost (amateur GrEE)
  2180 | D:3      | Killed atlas1's ghost
  2180 | D:3      | Reached skill level 6 in Earth Magic
  2977 | D:4      | Found Loun's Distillery.
  2981 | D:4      | Noticed a phantom
  2992 | D:4      | Killed a phantom
  2992 | D:4      | Reached XP level 7. HP: 30/36 MP: 5/13
  2995 | D:4      | Bought a potion of heal wounds for 50 gold pieces
  2995 | D:4      | Bought a potion of heal wounds for 50 gold pieces
  2995 | D:4      | Bought a potion of brilliance for 40 gold pieces
  3095 | D:4      | Learned a level 5 spell: Lee's Rapid Deconstruction
  3160 | D:4      | Noticed Pikel
  3165 | D:4      | Killed Pikel
  3165 | D:4      | Reached skill level 1 in Maces & Flails
  3165 | D:4      | Reached skill level 5 in Spellcasting
  3165 | D:4      | Reached skill level 1 in Conjurations
  3165 | D:4      | Reached skill level 7 in Earth Magic
  3165 | D:4      | Reached XP level 8. HP: 41/41 MP: 6/16
  3232 | D:4      | Learned a level 1 spell: Summon Small Mammal
  3234 | D:4      | Learned a level 1 spell: Apportation
  3440 | D:4      | Found an opulent altar of Gozag.
  3698 | D:4      | Bought a potion of magic for 80 gold pieces
  3743 | D:5      | Entered Level 5 of the Dungeon
  3934 | D:5      | Killed Ijyb
  4128 | D:5      | Found a stormy altar of Qazlal.
  4306 | D:5      | Noticed Eustachio
  4327 | D:5      | Found a staircase to the Ecumenical Temple.
  4336 | Temple   | Entered the Ecumenical Temple
  4445 | Temple   | Became a worshipper of Vehumet
  4543 | D:5      | Killed Eustachio
  4543 | D:5      | Reached skill level 8 in Earth Magic
  5010 | D:6      | Reached skill level 1 in Evocations
  5010 | D:6      | Reached XP level 9. HP: 45/45 MP: 12/18
  5274 | D:6      | Reached skill level 9 in Earth Magic
  5581 | D:7      | Reached skill level 1 in Armour
  5802 | D:7      | Found Ytza's Antique Weapon Emporium.
  5807 | D:7      | Bought an iridescent rapier for 162 gold pieces
  5807 | D:7      | Identified the +9 rapier of Anguish {pierce, rPois} (You bought it in a shop on level 7 of the Dungeon)
  5981 | D:7      | Found an opulent altar of Gozag.
  6182 | D:8      | Noticed a two-headed ogre
  6192 | D:8      | Slain by a two-headed ogre

Skill      XL: |  1  2  3  4  5  6  7  8  9 |
---------------+----------------------------+-----
Earth Magic    | 4 5 6 7 8 9 |  9.4
Dodging        | 2 3 |  3.8
Spellcasting   | 3 4 5 6 7 |  7.0
Stealth        | 3 |  3.3
Maces & Flails | 1 |  1.5
Conjurations   | 1 2 3 |  3.1
Evocations     | 1 |  1.2
Armour         | 1 |  1.3
Summonings     | |  0.2
Transmutations | |  0.7

Action                   |  1- 3 |  4- 6 |  7- 9 || total
-------------------------+-------+-------+-------++-------
Melee: Club              |    41 |     1 |       ||    42
       Mace              |       |     4 |       ||     4
       Whip              |       |     1 |    23 ||    24
 Cast: Sandblast         |    49 |    26 |    47 ||   122
       Stone Arrow       |     6 |    10 |    25 ||    41
       Petrify           |       |       |     5 ||     5
       Summon Small Mamm |       |       |     3 ||     3
       Lee's Rapid Decon |       |       |     1 ||     1
Evoke: Wand              |     1 |     2 |    33 ||    36
  Use: Potion            |     4 |     2 |     1 ||     7
       Scroll            |     3 |       |     7 ||    10
  Eat: Chunk             |     3 |     1 |     3 ||     7
       Ration            |       |     1 |     3 ||     4
Armor: Robe              |    25 |     6 |     1 ||    32
       Leather armour    |       |       |    12 ||    12
Dodge: Dodged            |    42 |     7 |     8 ||    57
Block: Other             |     2 |     3 |     8 ||    13
